 Dungeon Crawl Stone Soup version 0.31-a0-1059-g83d41fd8b6 (webtiles) character file.

Game seed: 3537521547042913675

2557 Malachi the Carver (level 9, -7/63 HPs)
             Began as a Djinni Gladiator on Nov 21, 2023.
             Was a Believer of Uskayaw.
             Mangled by a wight
             ... wielding a +0 great sword
              (12 damage)
             ... on level 7 of the Dungeon.
             The game lasted 00:10:28 (6779 turns).

Malachi the Carver (Djinni Gladiator)               Turns: 6779, Time: 00:10:28

Health: -7/63      AC:  8    Str: 17    XL:     9   Next: 86%
Gold:   407        EV: 13    Int:  9    God:    Uskayaw [**....] SH:  0 Dex: 18

rFire   + + .        i - +1 falchion (venom)
rCold   x . .        (no shield)
rNeg    . . .        m - +3 leather armour
rPois   ∞            n - +1 hat
rElec   .            E - +0 cloak
rCorr   .            (no gloves)
SInv    .            (boots unavailable)
Will    .....        x - amulet of faith
Stlth   +            (no ring)
HPRegen 1.10/turn    (no ring)
MPRegen 0.00/turn

%: faith, infuse magic (-8 HP)
@: flying
A: sickness immunity, fire resistance 2, cold vulnerability 1, float, innate
caster, HP casting, extra vitality 1, horns 1, regeneration 1, strong 1,
teleportitis 1
a: Renounce Religion, Stomp, Line Pass


You were on level 7 of the Dungeon.
You worshipped Uskayaw.
Uskayaw was noncommittal.
You visited 2 branches of the dungeon, and saw 8 of its levels.
You also visited: Sewer.

You collected 407 gold pieces.

Inventory:

Hand Weapons
 a - a +0 long sword
 b - a +1 dagger of speed
 c - a +0 dagger of venom
 i - a +1 falchion of venom (weapon)
 o - a +1 dagger of draining
Missiles
 d - 3 throwing nets (quivered)
 e - a javelin
 k - 11 poisoned darts
 l - 10 atropa-tipped darts
Armour
 m - a +3 leather armour (worn)
 n - a +1 hat (worn)
 E - a +0 cloak (worn)
Jewellery
 q - an amulet of the acrobat
 v - a +6 ring of intelligence
 x - an amulet of faith (around neck)
 B - an amulet of reflection
Wands
 g - a wand of acid (1)
Scrolls
 f - a scroll of summoning
 h - 3 scrolls of revelation
 j - a scroll of blinking
 r - 8 scrolls of teleportation
 t - 2 scrolls of fog
 u - 4 scrolls of vulnerability
 A - 2 scrolls of enchant weapon
Potions
 p - 4 potions of curing
 s - 3 potions of berserk rage
 w - a potion of enlightenment {unknown}
 z - a potion of brilliance {unknown}
 C - 4 potions of magic {unknown}
 D - a potion of attraction {unknown}
 G - 2 potions of might {unknown}


   Skills:
 + Level 4.6 Fighting
 + Level 11.2 Long Blades
 - Level 1.7 Throwing
 - Level 3.4 Dodging


You knew the following spells:

 Your Spells              Type           Power      Damage    Failure   Level
a - Slow                  Hex            0%         N/A       45%         1
b - Poisonous Vapours     Pois/Air       0%         N/A       58%         2
c - Blink                 Tloc           0%         N/A       58%         2
d - Brom's Barrelling Bo  Conj/Erth      0%         2d3       99%         4
Your spell library was empty.

Dungeon Overview and Level Annotations

Branches:
Dungeon (7/15)             Temple (1/1) D:5           Sewer (visited)

Altars:
Ashenzari
Cheibriados
Dithmenos
Elyvilon
Fedhas
Gozag
Hepliaklqana
Makhleb
Nemelex Xobeh
Okawaru
Qazlal
Ru
Trog
Uskayaw
Wu Jian
Yredelemnul
Zin
The Shining One


Innate Abilities, Weirdness & Mutations

You are immune to sickness and miasma.
You are immune to poison.
Your flesh is very heat resistant. (rF++)
You are vulnerable to cold. (rC-)
You float through the air rather than walking.
You learn spells naturally, not from books.
Your magical power is your life essence.
You have superior vitality. (+4 MHP)
You have a pair of small horns on your head.
Your natural rate of healing is unusually fast.
Your muscles are strong. (Str +4, Int/Dex -1)
You are occasionally teleported next to monsters.


Message History

The wight attacks as it pursues you!
The wight hits you with a +0 great sword!
* * * LOW HITPOINT WARNING * * *
The wight attacks as it pursues you!
The wight hits you with a +0 great sword.
* * * LOW HITPOINT WARNING * * *
The wight attacks as it pursues you! The wight barely misses you.
The wight barely misses you. The wight hits you but does no damage.
The wight barely misses you. The wight attacks as it pursues you!
The wight closely misses you. The wight attacks as it pursues you!
The wight hits you with a +0 great sword!
* * * LOW HITPOINT WARNING * * *
The wight attacks as it pursues you! The wight closely misses you.
The wight attacks as it pursues you! The wight completely misses you.
The wight throws a stone.
The stone closely misses you. The wight attacks as it pursues you!
The wight hits you with a +0 great sword!
* * * LOW HITPOINT WARNING * * *
The wight attacks as it pursues you!
The wight hits you with a +0 great sword.
* * * LOW HITPOINT WARNING * * *
The wight attacks as it pursues you! The wight barely misses you.
You barely miss the wight. The wight misses you.
You slash the wight!
You headbutt the wight, but do no damage.
The wight is heavily damaged.
You hit the wight.
The wight is heavily damaged.
The wight barely misses you.
You can now pass through a line of other dancers.
You closely miss the wight.
You headbutt the wight, but do no damage.
The wight is heavily damaged.
The wight hits you with a +0 great sword!
* * * LOW HITPOINT WARNING * * *
You closely miss the wight.
The wight is heavily damaged.
The wight hits you with a +0 great sword!
You die...

##### ##z..#####
##.z......#
###.@##...<.#
###....####.z.#
#..<....# ###.##
#........# #..#
######....##
##.##
###....#.....#
#..#
##......'.....#
##.#
##.......#.....#
#.##
##.....####.....#
#..#


You could see 2 wights.

Vanquished Creatures
  A steam dragon (D:7)
  Duvessa (D:6)
  4 ogres
  3 black bears
  A phantom (D:5)
  3 bullfrogs
  4 scorpions
  A wight (D:7)
  Dowan (D:6)
  6 killer bees (D:7)
  3 hounds
  4 orc priests
  A jelly (D:6)
  Jessica (D:2)
  3 iguanas
  A sleepcap (D:5)
  Terence (D:3)
  3 orc wizards
  3 gnolls (D:3)
  8 river rats (Sewer)
  12 adders
  A white imp (D:6)
  2 worms
  2 dart slugs
  20 orcs
  4 bats
  9 endoplasms
  7 giant cockroaches
  7 goblins
  2 hobgoblins
  2 jackals (D:4)
  11 kobolds
  6 quokkas
  16 ball pythons
  6 frilled lizards
  34 rats
194 creatures vanquished.

Vanquished Creatures (others)
  An orc (D:5)
1 creature vanquished.

Grand Total: 195 creatures vanquished

Notes
Turn   | Place    | Note
-------+----------+-------------------------------------------
     0 | D:1      | Malachi the Djinni Gladiator began the quest for the Orb.
     0 | D:1      | Reached XP level 1. HP: 18/18 MP: 0/0
   144 | D:1      | Reached XP level 2. HP: 22/23 MP: 0/0
   331 | D:1      | Reached skill level 3 in Long Blades
   675 | D:2      | Noticed Jessica
   684 | D:2      | Killed Jessica
   685 | D:2      | Reached XP level 3. HP: 19/28 MP: 0/0
   685 | D:2      | Learned a level 1 spell: Slow
   841 | D:2      | Reached skill level 4 in Long Blades
   841 | D:2      | Reached XP level 4. HP: 33/33 MP: 0/0
  1396 | D:3      | Reached XP level 5. HP: 26/38 MP: 0/0
  1396 | D:3      | Learned a level 2 spell: Poisonous Vapours
  2083 | D:3      | Reached skill level 5 in Long Blades
  2185 | D:3      | Noticed Terence
  2194 | D:3      | Killed Terence
  2414 | D:3      | Gained mutation: Your muscles are strong. (Str +4, Int/Dex
                  | -1) [potion of mutation]
  2415 | D:3      | Lost mutation: Your muscles are strong. (Str +4, Int/Dex
                  | -1) [potion of mutation]
  2415 | D:3      | Gained mutation: You sometimes lose your temper in combat.
                  | [potion of mutation]
  2415 | D:3      | Gained mutation: You passively map a small area around you.
                  | [potion of mutation]
  2416 | D:3      | Lost mutation: You sometimes lose your temper in combat.
                  | [potion of mutation]
  2416 | D:3      | Lost mutation: You passively map a small area around you.
                  | [potion of mutation]
  2416 | D:3      | Gained mutation: Your body sometimes deteriorates upon
                  | taking damage. [potion of mutation]
  2467 | D:4      | Reached XP level 6. HP: 37/43 MP: 0/0
  2648 | D:4      | Reached skill level 6 in Long Blades
  2903 | D:4      | Reached XP level 7. HP: 39/49 MP: 0/0
  2903 | D:4      | Learned a level 2 spell: Blink
  3028 | D:4      | Found a stormy altar of Qazlal.
  3115 | D:5      | Entered Level 5 of the Dungeon
  3317 | D:5      | Reached skill level 7 in Long Blades
  3581 | D:5      | Reached skill level 8 in Long Blades
  3581 | D:5      | Reached XP level 8. HP: 54/54 MP: 0/0
  3763 | D:5      | Found a glowing drain.
  3810 | Sewer    | Entered a sewer
  4655 | Sewer    | Reached skill level 9 in Long Blades
  4681 | Sewer    | Lost mutation: Your body sometimes deteriorates upon taking
                  | damage. [potion of mutation]
  4681 | Sewer    | Gained mutation: Armour fits poorly on your strangely
                  | shaped body. [potion of mutation]
  4681 | Sewer    | Gained mutation: You are very vulnerable to cold. (rC--)
                  | [potion of mutation]
  4682 | Sewer    | Lost mutation: You are very vulnerable to cold. (rC--)
                  | [potion of mutation]
  4682 | Sewer    | Lost mutation: Armour fits poorly on your strangely shaped
                  | body. [potion of mutation]
  4682 | Sewer    | Gained mutation: Your muscles are strong. (Str +4, Int/Dex
                  | -1) [potion of mutation]
  4682 | Sewer    | Gained mutation: You are occasionally teleported next to
                  | monsters. [potion of mutation]
  4682 | Sewer    | Gained mutation: You have a pair of small horns on your
                  | head. [potion of mutation]
  4682 | Sewer    | Gained mutation: Your natural rate of healing is unusually
                  | fast. [potion of mutation]
  4944 | D:5      | Found a staircase to the Ecumenical Temple.
  5185 | Temple   | Entered the Ecumenical Temple
  5190 | Temple   | Became a worshipper of Uskayaw the Reveller
  5227 | D:6      | Reached * piety under Uskayaw
  5284 | D:6      | Reached ** piety under Uskayaw
  5323 | D:6      | Reached XP level 9. HP: 52/58 MP: 0/0
  5323 | D:6      | Learned a level 4 spell: Brom's Barrelling Boulder
  5345 | D:6      | Reached skill level 10 in Long Blades
  5498 | D:6      | Noticed Dowan
  5499 | D:6      | Noticed Duvessa
  5535 | D:6      | Killed Duvessa
  5556 | D:6      | Killed Dowan
  5973 | D:7      | Reached *** piety under Uskayaw
  6171 | D:7      | Noticed a kobold demonologist
  6573 | D:7      | Reached skill level 11 in Long Blades
  6575 | D:7      | Reached **** piety under Uskayaw
  6577 | D:7      | Reached ***** piety under Uskayaw
  6779 | D:7      | Mangled by a wight

Illustrated notes

Levels and vault maps discovered:
D:1:      dpeg_arrival_water_fire, layout_basic
D:2:      layout_basic, kennysheep_pointless_box, grunt_decor_mini_mirrors,
          uniq_jessica
D:3:      wad_crossroads, layout_basic, lemuel_blue_sif_altar, uniq_terence
D:4:      layout_rooms, nicolae_qazlal_eye_of_the_storm, kennysheep_nub
D:5:      layout_cave_pools, temple_fountains, portal_sewer_entry_f,
          grunt_ministairs_3
D:6:      layout_rooms, uniq_duvessa
D:7:      layout_cave_pods, chequers_serial_rivers_micro_c,
          lightli_corner_chamber
Temple:   compressed_dpeg_triangle_lava_temple

Skill      XL: |  1  2  3  4  5  6  7  8  9 |
---------------+----------------------------+-----
Long Blades    | 3 4 5 6 8 9 11 | 11.2
Fighting       | 4 |  4.6
Throwing       | |  1.7
Dodging        | |  3.4

Action                     |  1- 3 |  4- 6 |  7- 9 || total
---------------------------+-------+-------+-------++-------
  Melee: Long sword        |    43 |   180 |   390 ||   613
         Punch             |     1 |     1 |     7 ||     9
         Headbutt          |       |       |    56 ||    56
         Dagger            |       |       |   123 ||   123
         Falchion          |       |       |    14 ||    14
 Invoke: Stomp             |       |       |     3 ||     3
  Evoke: Wand              |       |       |     4 ||     4
    Use: Scroll            |       |     8 |     3 ||    11
         Potion            |       |     3 |     8 ||    11
   Stab: Sleeping          |     1 |     2 |       ||     3
         Paralysed         |       |       |     6 ||     6
 Armour: Leather armour    |    30 |   115 |   468 ||   613
  Dodge: Dodged            |    29 |   128 |   506 ||   663

Table legend: (Time is in decaauts)
 A = Elapsed time spent in this place.
 B = Non-inter-level travel time spent in this place.
 C = Inter-level travel time spent in this place.
 D = Time resting spent in this place.
 E = Time spent auto-exploring this place.
 F = Levels seen in this place.
 G = Mean time per level.
                   A        B        C        D        E       F      G
               +--------+--------+--------+--------+--------+-----+--------+
         Total |   6757 |   6454 |    303 |   1423 |   3532 |   9 |  750.8 |
       Dungeon |   5624 |   5329 |    295 |    867 |   3227 |   7 |  803.4 |
        Temple |     10 |      2 |      8 |      0 |      0 |   1 |   10.0 |
         Sewer |   1123 |   1123 |      0 |    556 |    305 |   1 | 1123.0 |
               +--------+--------+--------+--------+--------+-----+--------+

Top non-repeatable levels by time:
   Sewer: 1123 daAuts
     D:5: 964 daAuts
     D:2: 962 daAuts
     D:3: 822 daAuts
     D:7: 796 daAuts
     D:6: 709 daAuts
     D:4: 704 daAuts
     D:1: 663 daAuts
  Temple: 10 daAuts
